 Dungeon Crawl Stone Soup version 0.28.0-47-ge53b351184 (webtiles) character file.

Game seed: 13335471621361966057

13680 101zpm the Thaumaturge (level 12, -4/76 HPs)
             Began as a Djinni Fire Elementalist on Apr 29, 2022.
             Was a Believer of Makhleb.
             Slain by an ice beast (13 damage)
             ... summoned by Fannar
             ... on level 11 of the Dungeon.
             The game lasted 00:55:11 (11171 turns).

101zpm the Thaumaturge (Djinni Fire Elementalist)  Turns: 11171, Time: 00:55:11

Health: -4/76      AC:  9    Str:  7    XL:     12   Next: 35%
Gold:   680        EV: 17    Int: 29    God:    Makhleb [**....] SH:  0 Dex: 13

rFire   + + .      SeeInvis .   S - +2 dagger (venom)
rCold   . . .      Faith    .   (no shield)
rNeg    . . .      Spirit   .   F - +1 leather armour {rC+}
rPois   ∞          Reflect  .   k - +0 helmet
rElec   .          Harm     .   Q - +0 cloak
rCorr   .          Rampage  .   R - +2 pair of gloves
Will    +....                   (boots unavailable)
Stlth   ++........              b - amulet of regeneration
HPRegen 1.02/turn               i - +4 ring of evasion
MPRegen 0.00/turn               x - +6 ring of intelligence

@: flying
A: sickness immunity, fire resistance 2, cold vulnerability 1, float, innate
caster, HP casting, extra vitality 1
a: Renounce Religion, Minor Destruction


You were on level 11 of the Dungeon.
You worshipped Makhleb.
Makhleb was pleased with you.
You visited 2 branches of the dungeon, and saw 12 of its levels.
You also visited: Sewer.

You collected 680 gold pieces.

Inventory:

Hand Weapons
 y - a +0 flail of protection
 K - a +2 mace of holy wrath
 L - a +4 flail
 S - a +2 dagger of venom (weapon)
Missiles
 G - 6 throwing nets
Armour
 k - a +0 helmet (worn)
 F - a +1 leather armour of cold resistance (worn)
 Q - a +0 cloak (worn)
 R - a +2 pair of gloves (worn)
Magical Staves
 z - a staff of conjuration
Jewellery
 b - an amulet of regeneration (around neck)
 i - a +4 ring of evasion (left hand)
 x - a +6 ring of intelligence (right hand)
 I - a ring of see invisible
 N - a +4 ring of evasion
 O - a ring of wizardry
Wands
 n - a wand of polymorph (37)
 w - a wand of flame (24)
 B - a wand of paralysis (12)
 M - a wand of digging (10)
Scrolls
 c - a scroll of enchant weapon
 f - 2 scrolls of fear
 h - 4 scrolls of magic mapping
 j - 5 scrolls of teleportation
 r - 4 scrolls of fog
 s - 2 scrolls of enchant armour
 t - a scroll of amnesia
 A - a scroll of vulnerability
 C - a scroll of torment
 E - 2 scrolls of brand weapon
 J - a scroll of silence {unknown}
Potions
 a - a potion of attraction {unknown}
 d - 4 potions of curing
 e - 4 potions of mutation
 g - 2 potions of ambrosia
 l - 6 potions of haste
 m - 4 potions of invisibility
 o - 2 potions of magic
 p - 2 potions of cancellation {unknown}
 q - 7 potions of heal wounds
 u - 5 potions of lignification
 v - 2 potions of might {unknown}
 D - a potion of degeneration {unknown}
 H - 2 potions of berserk rage {unknown}
 P - a potion of flight {unknown}


   Skills:
 + Level 2.9 Fighting
 + Level 1.0 Maces & Flails
 + Level 3.4 Armour
 + Level 4.9 Dodging
 + Level 4.1 Stealth
 + Level 0.5 Unarmed Combat
 + Level 13.6 Spellcasting


You had 11 spell levels left.
You knew the following spells:

 Your Spells              Type           Power      Damage    Failure   Level
a - Foxfire               Conj/Fire      100%       2x1d9     0%          1
b - Scorch                Fire           100%       2d10      1%          2
c - Conjure Flame         Conj/Fire      78%        6-21      1%          3
d - Inner Flame           Hex/Fire       78%        N/A       1%          3
e - Flame Wave            Conj/Fire      78%        2d14      1%          4
f - Pain                  Necr           100%       1d9       0%          1
g - Wereblood             Tmut           78%        N/A       1%          2
h - Dazzling Flash        Conj/Hex       100%       N/A       1%          3
i - Passage of Golubria   Tloc           78%        N/A       1%          4
j - Summon Lightning Spi  Summ/Air       78%        N/A       1%          4
Your spell library was empty.

Dungeon Overview and Level Annotations

Branches:
Dungeon (11/15)            Temple (1/1) D:4           Sewer (visited)
   Lair: D:8-11         Orc: D:9-12

Altars:
Ashenzari
Cheibriados
Dithmenos
Elyvilon
Fedhas
Gozag
Hepliaklqana
Kikubaaqudgha
Makhleb
Nemelex Xobeh
Okawaru
Qazlal
Ru
Sif Muna
Trog
Uskayaw
Vehumet
Wu Jian
Xom
Yredelemnul
Zin
The Shining One
Beogh

Shops:
D:4 *   D:8 (

Annotations:
D:10 2 runed translucent doors, Flure's ghost, journeyman HuNe
D:11 Fannar; Urug


Innate Abilities, Weirdness & Mutations

You are immune to sickness and miasma.
You are immune to poison.
Your flesh is very heat resistant. (rF++)
You are vulnerable to cold. (rC-)
You float through the air rather than walking.
You learn spells naturally, not from books.
Your magical power is your life essence.
You have superior vitality. (+4 MHP)


Message History

The ice beast hits your lightning spire.
The ice beast freezes your lightning spire.
Your lightning spire resists.
There is a fountain of sparkling water here.
You conjure some foxfire!
The ice beast hits you but does no damage.
The ice beast barely misses your lightning spire.
The foxfire hits the ice beast.
The ice beast melts!
The ice beast is severely wounded.
The foxfire hits the ice beast.
The ice beast melts!
The ice beast is severely wounded.
Urug throws a javelin.
The javelin completely misses you.
You conjure some foxfire!
The ice beast hits you. The ice beast freezes you!
Fannar glares icily.
Your lightning spire shoots out a bolt of lightning at the ice beast!
The bolt of electricity hits the ice beast!
The ice beast dies!
The ice beast disappears in a puff of smoke!
The foxfire hits the ice beast.
The ice beast is almost dead.
The foxfire hits the ice beast but does no damage.
The ice beast is almost dead.
The ice beast hits you. The ice beast freezes you!
Casting: Foxfire (safe; 0% risk of failure)
Confirm with . or Enter, or press ? or * to list all spells.
The fire begins to smoulder!
The ice beast closely misses you.
The ice beast smothers the flame.
Casting: Conjure Flame (safe; 1% risk of failure)
Confirm with . or Enter, or press ? or * to list all spells.
Okay, then.
You conjure some foxfire!
Fannar gestures wildly while chanting.
Fannar drains the heat from the surrounding environment!
* * * LOW HITPOINT WARNING * * *
Your foxfires and Urug are frozen.
Flame seeps out of Urug.
Urug is engulfed in blazing flames.
Flame seeps out of Urug.
The ice beast hits you.
* * * LOW HITPOINT WARNING * * *
The ice beast freezes you!
You die...

#..≈≈.≈≈≈.....####..#..###
#..≈≈≈≈≈≈....#.# ##.......
#...≈≈≈≈............8#..##
#.....≈..≈....##.#.####..#
#.#.≈.≈..≈....# #.. ##.#
#.#...≈.≈≈...## ..# #..
#.#..≈≈......# # #. ###
#.#..≈≈.v.(#...?
#.#..≈≈.v@##...# #####
#.#.^≈...Y#....# .....
#.##≈≈.##o#....# #.
#.##≈###○e#....# #
#.##≈##⌠.Y#....#.. #.
#≈#.._......... #.
##≈.⌠.⌠.!...#. #.
#≈.#...8...# .
##.........# ..


You could see Fannar, Urug (inner flame) and 2 ice beasts.

Vanquished Creatures
  Harold (D:7)
  A boulder beetle (D:11)
  Erica (D:9)
  Sonja (D:11)
  A troll (D:11)
  A polar bear (D:11)
  A dream sheep (D:3)
  A vampire (D:11)
  A wyvern (D:8)
  A shadow (D:10)
  A yak (D:8)
  Grum (D:11)
  Edmund (D:5)
  A water moccasin (D:6)
  3 orc warriors
  2 sky beasts
  3 ice beasts
  A black bear (D:5)
  3 wolves (D:11)
  6 centaurs
  5 ogres
  2 kobold brigands
  4 bullfrogs
  A gnoll sergeant (D:9)
  A scorpion (D:6)
  19 killer bees
  4 wights (D:7)
  A howler monkey (D:6)
  An electric eel (D:11)
  6 centaur zombies
  6 jellies
  2 centaur skeletons
  3 gnoll shamans
  Crazy Yiuf (D:4)
  12 orc priests
  A hound (D:6)
  A bullfrog skeleton (D:5)
  Ijyb (D:3)
  Terence (D:3)
  6 iguanas
  9 orc wizards
  Robin (D:2)
  A hound skeleton (D:4)
  A howler monkey zombie (D:9)
  11 adders
  23 gnolls
  A white imp (D:11)
  2 worms
  2 dart slugs
  60 orcs
  18 endoplasms
  7 giant cockroaches
  18 goblins
  13 hobgoblins
  15 kobolds
  6 quokkas
  10 ball pythons
  3 bats
  5 frilled lizards
  A jackal skeleton (D:4)
  8 rats
325 creatures vanquished.

Vanquished Creatures (collateral kills)
  2 two-headed ogres
  A tengu warrior (D:11)
  A troll (D:10)
  A polar bear (D:11)
  A wyvern (D:9)
  3 yaks (D:10)
  A wraith (D:11)
  An acid dragon (D:11)
  The ghost of shaman420 the Skirmisher, an amateur NaAK of Lugonu (D:4)
  An ice beast (D:11)
  2 orc warriors
  An ogre (D:9)
  A centaur (D:10)
  2 kobold brigands (D:10)
  4 killer bees
  3 howler monkeys (D:9)
  A white imp (D:11)
  13 orcs
  7 kobolds
  16 foxfires
63 creatures vanquished.

Vanquished Creatures (others)
  4 dream sheep (D:3)
  1908 foxfires
  A fungus (D:4)
  3 plants (D:1)
1916 creatures vanquished.

Grand Total: 2304 creatures vanquished

Notes
Turn   | Place    | Note
-------+----------+-------------------------------------------
     0 | D:1      | 101zpm the Djinni Fire Elementalist began the quest for the
                  | Orb.
     0 | D:1      | Reached XP level 1. HP: 15/15 MP: 0/0
   180 | D:1      | Reached XP level 2. HP: 20/21 MP: 0/0
   484 | D:2      | Reached skill level 3 in Spellcasting
   591 | D:2      | Reached XP level 3. HP: 25/25 MP: 0/0
   591 | D:2      | Learned a level 1 spell: Pain
   739 | D:2      | Found a faded altar of an unknown god.
   913 | D:2      | Reached XP level 4. HP: 31/31 MP: 0/0
   928 | D:2      | Noticed Robin
   934 | D:2      | Killed Robin
  1363 | D:3      | Noticed Terence
  1377 | D:3      | Killed Terence
  1378 | D:3      | Reached XP level 5. HP: 15/35 MP: 0/0
  1378 | D:3      | Learned a level 2 spell: Wereblood
  1379 | D:3      | Found a glowing drain.
  1384 | D:3      | Reached skill level 4 in Spellcasting
  1446 | D:3      | Found an iron altar of Okawaru.
  1466 | D:3      | Noticed Ijyb
  1476 | D:3      | Killed Ijyb
  1597 | Sewer    | Entered a sewer
  1696 | Sewer    | Reached XP level 6. HP: 40/40 MP: 0/0
  1800 | Sewer    | Reached skill level 5 in Spellcasting
  1809 | Sewer    | Found a viscous altar of Jiyva.
  1896 | Sewer    | Reached XP level 7. HP: 46/46 MP: 0/0
  1896 | Sewer    | Learned a level 3 spell: Dazzling Flash
  2244 | D:3      | Noticed a dream sheep
  2244 | D:3      | Noticed a dream sheep
  2244 | D:3      | Noticed a dream sheep
  2244 | D:3      | Noticed a dream sheep
  2244 | D:3      | Noticed a dream sheep
  2244 | D:3      | Found a shimmering altar of Xom.
  2247 | D:3      | Killed a dream sheep
  2247 | D:3      | Killed a dream sheep
  2249 | D:3      | Killed a dream sheep
  2249 | D:3      | Killed a dream sheep
  2251 | D:3      | Killed a dream sheep
  2436 | D:4      | Found Sesuyp's Assorted Antiques.
  2464 | D:4      | Found a staircase to the Ecumenical Temple.
  2516 | D:4      | Reached skill level 6 in Spellcasting
  2598 | D:4      | Reached XP level 8. HP: 51/51 MP: 0/0
  2603 | D:4      | Found a runed translucent door.
  2604 | D:4      | Noticed shaman420's ghost (amateur NaAK)
  3311 | D:4      | Found a runed translucent door.
  3312 | D:4      | Noticed Crazy Yiuf
  3654 | D:5      | Entered Level 5 of the Dungeon
  3713 | D:5      | Reached skill level 7 in Spellcasting
  3759 | D:5      | You are sucked into a shaft and drop 2 floors!
  3950 | D:5      | Reached XP level 9. HP: 56/56 MP: 0/0
  3950 | D:5      | Learned a level 4 spell: Passage of Golubria
  4062 | D:5      | Reached skill level 8 in Spellcasting
  4062 | D:5      | Noticed Edmund
  4070 | D:5      | Killed Edmund
  4689 | D:6      | Reached skill level 9 in Spellcasting
  5646 | D:7      | Noticed Harold
  5656 | D:7      | Killed Harold
  5657 | D:7      | Reached skill level 10 in Spellcasting
  5657 | D:7      | Reached XP level 10. HP: 29/61 MP: 0/0
  6071 | Temple   | Entered the Ecumenical Temple
  6498 | D:9      | Noticed Erica
  6505 | D:9      | HP: 1/61 [Erica/lance of force (14)]
  6546 | D:8      | Reached skill level 1 in Fighting
  6568 | D:8      | Reached skill level 1 in Armour
  6820 | D:8      | Reached skill level 11 in Spellcasting
  6845 | D:8      | Found Cyr Neenk's Weapon Emporium.
  7874 | D:8      | Reached skill level 1 in Maces & Flails
  8225 | D:9      | Reached XP level 11. HP: 43/67 MP: 0/0
  8225 | D:9      | Learned a level 4 spell: Summon Lightning Spire
  8320 | D:9      | Killed Erica
  8856 | Temple   | Became a worshipper of Makhleb the Destroyer
  8986 | D:10     | Entered Level 10 of the Dungeon
  9033 | D:10     | Reached skill level 12 in Spellcasting
  9236 | D:10     | Reached * piety under Makhleb
  9461 | D:10     | Found a runed translucent door.
  9463 | D:10     | Noticed a yaktaur captain
  9465 | D:10     | Noticed a lich
  9465 | D:10     | Noticed a necromancer
  9465 | D:10     | Noticed an ogre mage
  9465 | D:10     | Noticed a skeletal warrior
  9465 | D:10     | Noticed Flure's ghost (journeyman HuNe)
  9466 | D:10     | Noticed a white ugly thing
  9471 | D:10     | Found a runed translucent door.
  9930 | D:10     | Noticed a two-headed ogre
  9952 | D:10     | Killed a two-headed ogre
  9970 | D:10     | Identified the +1 quarterstaff "Kiq Pez" {vorpal, rF++}
 10170 | D:4      | Killed shaman420's ghost
 10221 | D:4      | Killed Crazy Yiuf
 10342 | D:11     | Noticed a boulder beetle
 10347 | D:11     | Killed a boulder beetle
 10463 | D:11     | Noticed Grum
 10468 | D:11     | Killed Grum
 10469 | D:11     | Noticed Urug
 10678 | D:11     | Reached ** piety under Makhleb
 10689 | D:11     | Reached skill level 13 in Spellcasting
 10689 | D:11     | Reached XP level 12. HP: 67/76 MP: 0/0
 10732 | D:11     | Noticed a tengu warrior
 10739 | D:11     | Killed a tengu warrior
 11059 | D:11     | Noticed a two-headed ogre
 11065 | D:11     | Killed a two-headed ogre
 11081 | D:11     | Noticed Sonja
 11086 | D:11     | Killed Sonja
 11136 | D:11     | Found a sparkling altar of Nemelex Xobeh.
 11153 | D:11     | Noticed Fannar
 11171 | D:11     | Slain by an ice beast

Illustrated notes

Levels and vault maps discovered:
D:1:      roderic_crop_circles_arrival_large, layout_loops_ring, eino_curves_04
D:2:      layout_loops_ring, shapermc_ecumenical_altar_mp_highgroup,
          minivault_25, uniq_robin
D:3:      layout_loops_ring, okawaru_metal_pillars_3, kb_xom_exploding_sheep,
          portal_sewer_entry_b, minmay_checkerbox, uniq_terence, uniq_ijyb
D:4:      layout_loops_ring, minmay_temple_entry_crystal_x, serial_shops,
          nicolae_shop_behind_doors, ebering_ghost_inner_flame,
          grunt_decor_fettered, hex_large, minmay_misc_feat_secret_circle,
          hangedman_abyss_or_decor_stagger, hangedman_feature_mirror,
          chequers_jeans, uniq_crazy_yiuf_cottage
D:5:      wander_river, layout_cave_pools, uniq_edmund
D:6:      layout_layer_cave, corexii_hall_statues_u,
          hangedman_abyss_or_decor_lesser_grid
D:7:      layout_rooms, enter_bailey_3, uniq_harold
D:8:      layout_loops_ring, serial_shops, nicolae_shop_bloodbath_and_beyond,
          dk_rats_in_the_wall
D:9:      layout_rooms, special_room [special_room_orc], st_stairs_2, uniq_erica
D:10:     layout_roguey [special_room_orc], muffindrake_ghost_dual_entry,
          feat_on_display
D:11:     layout_rooms, lair_entry_dummy, serial_ice, serial_ice_k,
          serial_ice_m, serial_ice_f, serial_ice_n,
          nemelex_xobeh_ov_fountains_minmay, uniq_grum, uniq_sonja, uniq_urug,
          uniq_fannar
Temple:   mainiacjoe_temple_cubbyholes

Skill      XL: |  1  2  3  4  5  6  7  8  9 10 11 |
---------------+----------------------------------+-----
Spellcasting   | 3 4 5 6 7 10 11 13 | 13.6
Dodging        | 3 4 |  4.9
Stealth        | 2 3 4 |  4.1
Fighting       | 1 2 |  2.9
Armour         | 2 3 |  3.4
Maces & Flails | 1 |  1.0
Unarmed Combat | |  0.5

Action                   |  1- 3 |  4- 6 |  7- 9 | 10-12 || total
-------------------------+-------+-------+-------+-------++-------
Melee: Unarmed           |    22 |     2 |     3 |       ||    27
       Flail             |       |       |       |    14 ||    14
       Dagger            |       |       |       |     1 ||     1
 Cast: Foxfire           |   102 |   207 |   371 |   535 ||  1215
       Scorch            |       |    16 |    39 |    93 ||   148
       Flame Wave        |       |       |     2 |     5 ||     7
       Inner Flame       |       |       |     1 |     2 ||     3
       Conjure Flame     |       |       |     8 |     1 ||     9
       Dazzling Flash    |       |       |       |     3 ||     3
       Passage of Golubr |       |       |       |     1 ||     1
       Summon Lightning  |       |       |       |    34 ||    34
  Use: Scroll            |       |     1 |     1 |    16 ||    18
       Potion            |       |       |       |     1 ||     1
 Stab: Sleeping          |     1 |       |       |       ||     1
Armor: Robe              |     4 |     1 |     6 |       ||    11
       Leather armour    |       |       |     1 |    54 ||    55
Dodge: Dodged            |    17 |    15 |    43 |   192 ||   267
